Map: Frozen Temple

Players

Morghan - Winner!

  • Race: Protoss Protoss
  • League: Diamond

A.I. 1 (Elite)

  • Race: Zerg Zerg

VOD

Have the link to the VOD?

Description

Time

  • Played on: June 1, 2016, 8:45 a.m.
  • Length: 10:07
Show
View Real Time Build Order
Export as new Build Order

Morghan Protoss - Winner!

Build Orders: 1 Gate Expand, Zealot Archon 

Get SALT Encoding   

  12  0:01  Probe (Chrono Boost)  
  13  0:12  Probe (Chrono Boost)  
  14  0:18  Pylon  
  14  0:22  Probe (Chrono Boost)  
  15  0:36  Probe (Chrono Boost)  
  15  0:38  Gateway  
  16  0:47  Probe (Chrono Boost)  
  16  0:48  Assimilator  
  17  0:57  Probe (Chrono Boost)  
  18  1:08  Probe (Chrono Boost)  
  19  1:23  Nexus  
  20  1:25  Probe (Chrono Boost)  
  20  1:36  Cybernetics Core  
  20  1:38  Probe (Chrono Boost)  
  21  1:45  Assimilator  
  21  1:49  Probe (Chrono Boost)  
  22  1:58  Pylon  
  22  2:01  Probe (Chrono Boost)  
  23  2:13  Warp Gate  
  23  2:16  Adept, Probe (Chrono Boost)  
  26  2:27  Probe (Chrono Boost)  
  26  2:28  Gateway  
  28  2:39  Mothership Core (Chrono Boost)  
  28  2:40  Probe (Chrono Boost)  
  28  2:43  Stalker  
  32  2:50  Probe (Chrono Boost)  
  33  3:01  Gateway, Probe x2 (Chrono Boost)  
  35  3:06  Pylon  
  35  3:15  Twilight Council  
  35  3:18  Probe (Chrono Boost)  
  36  3:20  Probe (Chrono Boost)  
  37  3:28  Probe (Chrono Boost)  
  37  3:33  Robotics Facility  
  38  3:36  Probe (Chrono Boost)  
  38  3:40  Probe (Chrono Boost)  
  40  3:46  Probe (Chrono Boost)  
  41  3:51  Charge  
  41  3:52  Probe (Chrono Boost)  
  42  3:57  Pylon  
  42  4:00  Probe (Chrono Boost)  
  43  4:03  Probe (Chrono Boost)  
  44  4:11  Probe (Chrono Boost)  
  44  4:15  Assimilator  
  44  4:16  Assimilator  
  45  4:18  Dark Shrine  
  45  4:20  Probe (Chrono Boost)  
  45  4:24  Warp Prism  
  45  4:25  Probe (Chrono Boost)  
  45  4:30  Probe (Chrono Boost)  
  49  4:36  Probe (Chrono Boost)  
  50  4:42  Probe (Chrono Boost)  
  51  4:46  Gateway  
  51  4:48  Gateway  
  51  4:49  Probe (Chrono Boost)  
  51  4:51  Gateway  
  52  4:53  Probe (Chrono Boost)  
  52  4:59  Pylon  
  53  5:00  Probe (Chrono Boost)  
  54  5:08  Gateway  
  54  5:11  Gateway  
  55  5:19  Pylon  
  55  5:20  Pylon  
  54  5:22  Pylon  
  54  5:45  Dark Templar x5  
  64  5:56  Dark Templar  
  66  6:07  Dark Templar  
  68  6:14  Pylon  
  68  6:16  Pylon  
  68  6:18  Dark Templar x2  
  70  6:20  Zealot x4  
  70  6:23  Archon x2  
  70  6:24  Archon x2  
  80  6:29  Dark Templar  
  82  6:33  Archon  
  82  6:41  Zealot x2  
  82  6:42  Zealot x3  
  92  7:06  Zealot x5  
  92  7:07  Zealot x3  
  98  7:29  Dark Templar x5  
  96  7:36  Archon  
  96  7:37  Archon  
  88  7:39  Zealot x3  
  94  7:45  Pylon  
  94  7:48  Pylon  
  94  8:02  Zealot x7  
  94  8:03  Zealot  
  102  8:21  Pylon  
  102  8:23  Pylon  
  102  8:25  Zealot x3  
  102  8:26  Zealot x2  
  112  8:41  Dark Templar x3  
  116  8:47  Archon  
  118  8:50  Zealot x3  
  122  8:59  Zealot x2  
  122  9:06  Pylon  
Show
View Real Time Build Order
Export as new Build Order

A.I. 1 (Elite) Zerg 

Build Orders: Pool First 

Get SALT Encoding   

  12  0:00  Drone  
  13  0:12  Overlord  
  13  0:17  Drone  
  14  0:30  Drone x2  
  16  0:42  Spawning Pool  
  16  0:44  Drone  
  16  0:48  Drone  
  17  1:12  Hatchery  
  17  1:13  Drone  
  17  1:16  Extractor  
  16  1:19  Drone  
  16  1:24  Drone  
  18  1:28  Drone  
  19  1:38  Overlord  
  19  1:49  Drone  
  19  1:50  Queen  
  22  2:00  Zergling x2  
  23  2:10  Drone  
  24  2:21  Drone  
  25  2:26  Roach Warren, Queen  
  26  2:30  Drone  
  26  2:33  Extractor  
  26  2:38  Drone  
  27  2:44  Overlord  
  27  2:48  Drone  
  29  2:51  Drone  
  29  2:55  Drone  
  29  2:58  Drone  
  31  3:01  Drone  
  31  3:04  Zergling x2  
  33  3:07  Zergling x2  
  33  3:12  Roach  
  36  3:17  Roach  
  38  3:20  Roach  
  38  3:24  Roach  
  42  3:28  Drone x2  
  44  3:34  Overlord  
  44  3:41  Lair  
  44  3:46  Metabolic Boost  
  44  3:52  Drone  
  44  3:53  Drone  
  46  3:55  Drone  
  46  3:57  Drone  
  46  4:00  Drone  
  46  4:02  Drone  
  50  4:05  Drone  
  50  4:09  Overlord  
  51  4:11  Drone  
  51  4:16  Evolution Chamber, Drone  
  52  4:21  Evolution Chamber, Drone  
  52  4:27  Drone x2  
  54  4:32  Drone  
  54  4:34  Drone  
  54  4:36  Drone  
  54  4:38  Drone  
  58  4:42  Zerg Missile Weapons Level 1, Infestation Pit  
  58  4:44  Drone  
  58  4:49  Zerg Ground Armor Level 1  
  58  4:52  Overlord  
  58  4:56  Overlord  
  58  4:57  Drone  
  58  4:59  Zergling x2  
  60  5:10  Drone x2  
  60  5:11  Roach  
  60  5:12  Drone  
  60  5:13  Hydralisk Den, Drone  
  65  5:15  Drone  
  65  5:18  Overlord  
  65  5:21  Roach  
  68  5:23  Roach  
  68  5:25  Roach  
  72  5:32  Extractor  
  72  5:35  Ravager, Extractor  
  70  5:36  Roach, Overlord, Drone  
  70  5:42  Hydralisk  
  74  5:43  Ravager  
  74  5:46  Hatchery  
  74  5:48  Drone  
  77  5:52  Hydralisk  
  77  5:55  Drone x2  
  77  5:56  Overlord, Drone  
  82  5:59  Drone  
  83  6:06  Hydralisk  
  83  6:07  Hydralisk, Drone  
  83  6:11  Hydralisk, Roach  
  90  6:15  Overlord  
  90  6:16  Hydralisk  
  94  6:31  Lurker Den  
  94  6:41  Overlord  
  94  6:42  Roach  
  94  6:44  Roach  
  98  6:48  Hydralisk  
  98  6:53  Hydralisk  
  101  6:57  Hydralisk  
  101  6:59  Drone x2  
  101  7:00  Overlord, Drone x3  
  101  7:01  Drone x2  
  110  7:09  Drone  
  110  7:10  Hydralisk, Drone  
  110  7:11  Extractor, Drone x2  
  110  7:14  Drone  
  110  7:15  Roach, Drone x2  
  120  7:19  Overlord  
  120  7:22  Zergling x2  
  115  7:24  Zergling x2  
  86  7:30  Drone  
  86  7:31  Overseer  
  86  7:32  Drone  
  86  7:35  Roach  
  75  7:41  Drone  
  75  7:42  Hydralisk x2, Roach, Drone  
  83  7:49  Roach  
  84  8:05  Zergling x2  
  77  8:06  Zergling x2  
  77  8:08  Hatchery  
  77  8:09  Roach  
  77  8:10  Drone  
  77  8:12  Drone  
  69  8:23  Hydralisk, Roach x2  
  69  8:24  Roach  
  73  8:32  Hydralisk  
  73  8:33  Hydralisk  
  74  8:34  Drone x2  
  74  8:35  Zergling x2  
  45  8:54  Zergling x2  
  42  8:55  Zergling x2  
Tags
 
Add a new tag
Caveats
  • Supply blocks, unpowered buildings, or Contaminate may cause inaccurate times.
  • Supply counts are checked every 10 seconds.